 Dungeon Crawl Stone Soup version 0.18.1-50-g88ac8fd (webtiles) character file.

1384 Britaniac the Digger (level 8, -8/43 HPs)
             Began as a Gargoyle Earth Elementalist on Sept 22, 2016.
             Was a Follower of Vehumet.
             Killed by blast of rock fragments (19 damage)
             ... on level 6 of the Dungeon on Sept 26, 2016.
             The game lasted 00:31:12 (6743 turns).

Britaniac the Digger (Gargoyle Earth Elementalist)  Turns: 6743, Time: 00:31:14

Health: -8/43      AC: 11    Str:  7    XL:     8   Next: 67%
Magic:  3/19       EV: 12    Int: 28    God:    Vehumet [*.....]
Gold:   180        SH:  0    Dex: 10    Spells: 3 memorised, 13 levels left

rFire  . . .     SeeInvis .     u - +9 long sword of Buewa {speed, +Inv Str-4 Int+9 Stlth+}
rCold  . . .     Gourm    .     B - +3 leather armour
rNeg   + . .     Faith    .     (no shield)
rPois  ∞         Spirit   .     (no helmet)
rElec  +         Dismiss  .     (no cloak)
rCorr  .         Reflect  .     (no gloves)
SustAt .         Harm     .     (no boots)
MR     .....                    (no amulet)
Stlth  +++.......               (no ring)
                                x - +3 ring of slaying

@: not resistant to hostile enchantments, fairly stealthy
A: negative energy resistance 1, electricity resistance, unbreathing,
petrification resistance, rot immunity, AC +5
a: Renounce Religion, Evoke Invisibility


You were on level 6 of the Dungeon.
You worshipped Vehumet.
Vehumet was aware of your devotion.
You were hungry.

You visited 1 branch of the dungeon, and saw 6 of its levels.

You collected 180 gold pieces.

Inventory:

Hand Weapons
 j - a +1 club
 u - the +9 long sword of Buewa (weapon) {speed, +Inv Str-4 Int+9 Stlth+}
   (You found it on level 5 of the Dungeon)

   Attacks with this weapon are significantly faster.
   It affects your strength (-4).
   It affects your intelligence (+9).
   It lets you turn invisible.
   It makes you more stealthy.
Missiles
 b - 81 stones (quivered)
Armour
 B - a +3 leather armour (worn)
Jewellery
 x - a +3 ring of slaying (left hand)
Wands
 p - a wand of digging (20/24)
Scrolls
 h - 2 scrolls of fear
 k - a scroll of remove curse
 l - 3 scrolls of teleportation
 r - 2 scrolls of enchant weapon
 v - 3 scrolls of recharging
Potions
 a - a potion of resistance {unknown}
 e - 2 potions of curing
 g - a potion of lignification {unknown}
 i - a potion of ambrosia {unknown}
 m - a potion of degeneration {unknown}
 n - 2 potions of agility
 o - 2 potions of brilliance
 s - 2 potions of might
 t - a potion of haste {unknown}
 z - a potion of cancellation {unknown}
Books
 c - a book of Geomancy

   Spells                             Type                      Level
   a - Sandblast                      Earth                        1
   b - Passwall                       Transmutation/Earth          2
   c - Stone Arrow                    Conjuration/Earth            3
   d - Petrify                        Transmutation/Earth          4
   e - Lee's Rapid Deconstruction     Earth                        5
 q - a book of Burglary

   Spells                             Type                      Level
   a - Swiftness                      Charms/Air                   2
   b - Passwall                       Transmutation/Earth          2
   c - Passage of Golubria            Translocation                4
   d - Lee's Rapid Deconstruction     Earth                        5
   e - Darkness                       Hexes                        6
   f - Invisibility                   Hexes                        6
 w - a book of Transfigurations

   Spells                             Type                      Level
   a - Irradiate                      Conjuration/Transmutation    5
   b - Statue Form                    Transmutation/Earth          6
   c - Hydra Form                     Transmutation                6
   d - Dragon Form                    Transmutation                7
 y - a book of Death

   Spells                             Type                      Level
   a - Corpse Rot                     Necromancy                   2
   b - Sublimation of Blood           Necromancy                   2
   c - Agony                          Necromancy                   5
   d - Dispel Undead                  Necromancy                   5
   e - Excruciating Wounds            Charms/Necromancy            5
   f - Bolt of Draining               Conjuration/Necromancy       5
Comestibles
 d - 4 bread rations
 f - 3 meat rations
 C - a beef jerky


   Skills:
 + Level 1.2 Fighting
 + Level 2.9 Dodging
 - Level 2.1 Stealth
 * Level 7.5 Spellcasting
   Level 0.7 Transmutations
 + Level 7.7 Earth Magic


You had 13 spell levels left.
You knew the following spells:

 Your Spells              Type           Power        Failure   Level  Hunger
a - Sandblast             Erth           ######       1%          1    None
b - Lee's Rapid Deconstr  Erth           ######....   12%         5    ####...
c - Stone Arrow           Conj/Erth      ####..       6%          3    None


Dungeon Overview and Level Annotations

Branches:
Dungeon (6/15)
 Temple: D:4-7

Altars:
Gozag
Kikubaaqudgha
Nemelex Xobeh
Ru
Trog
Vehumet
Yredelemnul


Innate Abilities, Weirdness & Mutations

You are resistant to torment.
Your stone body is resilient (AC +5).
You are immune to poison.
You resist negative energy.
You are resistant to electric shocks.
You can survive without breathing.
You are immune to petrification.
You are immune to rotting.


Message History

Aiming: Lee's Rapid Deconstruction
Press: ? - help, Dir - move target cursor, p - ice beast That beam is likely to hit you.
Continue anyway?
The wall shatters!
The blast of rock fragments hits the ice beast.
The ice beast is almost dead.
You are feeling hungry.
The ice beast barely misses you.
Casting: Lee's Rapid Deconstruction
Confirm with . or Enter, or press ? or * to list all spells.
Aiming: Lee's Rapid Deconstruction
Press: ? - help, Dir - move target cursor That beam is likely to hit you.
Continue anyway?
The wall shatters!
The blast of rock fragments hits the ice beast.
You kill the ice beast!
Vehumet accepts your kill.
You feel your dexterity returning. The blast of rock fragments hits you!
You die...

#### #..#
...##+###..#
.......<..@#
...........#
.......###.#
....... ..#
..(.... ###
#######


There were no monsters in sight!

Vanquished Creatures
  Grinder (D:3)
  Sigmund (D:3)
  Eustachio (D:5)
  An ice beast (D:6)
  A phantom (D:5)
  The ghost of go0n the Skirmisher, an amateur GrFi of Cheibriados (D:3)
  2 water moccasin zombies (D:5)
  A crimson imp (D:5)
  3 hounds
  An orc priest (D:5)
  An orc wizard (D:4)
  A centaur skeleton (D:5)
  A killer bee zombie (D:4)
  8 gnolls
  9 adders
  2 adder skeletons (D:4)
  5 worms
  A dart slug (D:2)
  A giant gecko (D:5)
  8 orcs
  4 ball pythons
  7 giant cockroaches
  7 goblins
  11 hobgoblins
  5 jackals
  9 bats
  4 giant newts
  A jackal skeleton (D:4)
  12 kobolds
  5 rats
115 creatures vanquished.

Notes
Turn   | Place    | Note
--------------------------------------------------------------
     0 | D:1      | Britaniac the Gargoyle Earth Elementalist began the quest for the Orb.
     0 | D:1      | Reached XP level 1. HP: 10/10 MP: 3/3
   476 | D:1      | Reached XP level 2. HP: 15/15 MP: 0/5
  1597 | D:2      | Reached XP level 3. HP: 14/19 MP: 4/7
  2261 | D:2      | Reached XP level 4. HP: 24/24 MP: 5/8
  2911 | D:3      | Noticed go0n's ghost (amateur GrFi)
  3229 | D:3      | Noticed Sigmund
  3479 | D:3      | Killed Sigmund
  3479 | D:3      | Reached skill level 5 in Earth Magic
  3479 | D:3      | Reached XP level 5. HP: 28/28 MP: 2/12
  3479 | D:3      | Reached XP level 6. HP: 33/33 MP: 2/13
  3561 | D:3      | Noticed Grinder
  3640 | D:3      | Killed Grinder
  3640 | D:3      | Reached skill level 5 in Spellcasting
  3640 | D:3      | Reached XP level 7. HP: 20/37 MP: 0/15
  3784 | D:3      | Found a bloodstained altar of Trog.
  3879 | D:3      | Learned a level 5 spell: Lee's Rapid Deconstruction
  3883 | D:3      | Learned a level 3 spell: Stone Arrow
  3944 | D:3      | Found a radiant altar of Vehumet.
  3980 | D:3      | Became a worshipper of Vehumet
  4295 | D:3      | Found a basalt altar of Yredelemnul.
  4370 | D:3      | Killed go0n's ghost
  4985 | D:4      | Found a sacrificial altar of Ru.
  5134 | D:4      | Reached * piety under Vehumet
  5134 | D:4      | Offered knowledge of Shock by Vehumet.
  5376 | D:4      | Reached skill level 1 in Fighting
  5535 | D:4      | Reached XP level 8. HP: 43/43 MP: 17/17
  5586 | D:5      | Entered Level 5 of the Dungeon
  5828 | D:5      | Found an ancient bone altar of Kikubaaqudgha.
  5847 | D:5      | Noticed Eustachio
  5873 | D:5      | Killed Eustachio
  6093 | D:5      | Got a shimmering long sword
  6094 | D:5      | Identified the +9 long sword of Buewa {speed, +Inv Str-4 Int+9 Stlth+} (You found it on level 5 of the Dungeon)
  6264 | D:5      | Found an opulent altar of Gozag.
  6264 | D:5      | Found a sparkling altar of Nemelex Xobeh.
  6743 | D:6      | Killed by blast of rock fragments

Skill      XL: |  1  2  3  4  5  6  7  8 |
---------------+-------------------------+-----
Earth Magic    | 4 5 6 7 |  7.7
Spellcasting   | 3 4 5 6 7 |  7.5
Dodging        | 2 |  2.9
Fighting       | 1 |  1.2
Stealth        | |  2.1
Transmutations | |  0.7

Action                   |  1- 3 |  4- 6 |  7- 9 || total
-------------------------+-------+-------+-------++-------
Melee: Club              |     5 |     1 |     3 ||     9
       Long sword        |       |       |     3 ||     3
 Cast: Sandblast         |    78 |    62 |   110 ||   250
       Lee's Rapid Decon |       |       |     6 ||     6
  Use: Potion            |       |     2 |       ||     2
       Scroll            |       |       |    14 ||    14
  Eat: Chunk             |     5 |     2 |    11 ||    18
       Beef jerky        |       |     1 |       ||     1
Armor: Robe              |    19 |     7 |    36 ||    62
       Leather armour    |       |       |     4 ||     4
Dodge: Dodged            |    31 |    18 |    77 ||   126
